 Dungeon Crawl Stone Soup version 0.18.1-47-g9310371 (webtiles) character file.

26 weirdsound the Ruffian (level 3, 0/33 HPs)
             Began as a Ghoul Monk on June 17, 2016.
             Slain by babuloseo's ghost (9 damage)
             ... on level 3 of the Dungeon.
             The game lasted 00:03:21 (1023 turns).

weirdsound the Ruffian (Ghoul Monk)                 Turns: 1023, Time: 00:03:22

Health: 0/33       AC:  2    Str: 14    XL:     3   Next: 8%
Magic:  2/2        EV: 12    Int:  5    God:
Gold:   74         SH:  0    Dex: 12    Spells: 0 memorised, 2 levels left

rFire  . . .     SeeInvis .       - Unarmed
rCold  + . .     Gourm    .     a - +0 robe
rNeg   + + +     Faith    .     (no shield)
rPois  ∞         Spirit   .     (no helmet)
rElec  .         Dismiss  .     (no cloak)
rCorr  .         Reflect  .     (no gloves)
SustAt .         Harm     .     (no boots)
MR     .....                    (no amulet)
Stlth  ++........               (no ring)
                                (no ring)

@: flying, rotting, not resistant to hostile enchantments, unstealthy
A: rotting body, claws 1, carnivore 3, cold resistance 1, negative energy
resistance 3, slow regeneration 1, torment resistance, unbreathing
a: no special abilities


You were on level 3 of the Dungeon.
You were not hungry.

You visited 1 branch of the dungeon, and saw 3 of its levels.

You collected 74 gold pieces.

Inventory:

Armour
 a - a +0 robe (worn)
Jewellery
 l - an uncursed amulet of the gourmand {unknown}
Scrolls
 e - a scroll of random uselessness {unknown}
 h - 2 scrolls of identify {unknown}
 i - a scroll of remove curse {unknown}
 j - a scroll of enchant armour {unknown}
Potions
 f - a potion of flight
Comestibles
 b - 2 meat rations
 m - a beef jerky


   Skills:
 * Level 3.8 Fighting
 - Level 2.6 Dodging
 - Level 2.1 Stealth
 + Level 5.0 Unarmed Combat


You had 2 spell levels left.
You didn't know any spells.

Dungeon Overview and Level Annotations

Branches:
Dungeon (3/15)

Altars:

Annotations:
D:2 Sigmund
D:3 babuloseo's ghost, amateur DsMo


Innate Abilities, Weirdness & Mutations

Your body is rotting away.
You thrive on raw meat.
You are immune to poison.
You have sharp fingernails.
You are carnivorous and can eat meat at any time.
Your flesh is cold resistant.
You are immune to negative energy.
You regenerate slowly when monsters are visible.
You are immune to unholy pain and torment.
You can survive without breathing.


Message History

You scratch babuloseo's ghost.
Babuloseo's ghost is moderately damaged.
Babuloseo's ghost hits you!
You miss babuloseo's ghost.
Babuloseo's ghost is moderately damaged.
Babuloseo's ghost hits you.
* * * LOW HITPOINT WARNING * * *
Drink which item? (? for menu, Esc to quit)
You feel better. Babuloseo's ghost closely misses you.
You closely miss babuloseo's ghost. Your claw misses babuloseo's ghost.
Babuloseo's ghost is moderately damaged.
Babuloseo's ghost hits you.
* * * LOW HITPOINT WARNING * * *
You scratch babuloseo's ghost.
Babuloseo's ghost is moderately damaged.
Babuloseo's ghost closely misses you.
You scratch babuloseo's ghost.
Babuloseo's ghost is heavily damaged.
Babuloseo's ghost hits you!
You die...

.# .#
.###########
...........#
##########.#
######.#######
......<.......#
#######.#####.#
#.# #@# #.# #W#
#.# #.# ..# #.#
### #[# #.# #.#
#.# ####.#


You could see babuloseo's ghost.

Vanquished Creatures
  A giant gecko (D:1)
  An orc (D:3)
  5 bats (D:1)
  A giant cockroach (D:2)
  A goblin (D:1)
  4 hobgoblins (D:1)
  4 jackals (D:1)
  A kobold (D:2)
  3 rats
21 creatures vanquished.

Notes
Turn   | Place    | Note
--------------------------------------------------------------
     0 | D:1      | weirdsound the Ghoul Monk began the quest for the Orb.
     0 | D:1      | Reached XP level 1. HP: 19/19 MP: 0/0
   102 | D:1      | Reached XP level 2. HP: 19/26 MP: 1/1
   770 | D:2      | Reached skill level 5 in Unarmed Combat
   770 | D:2      | Reached XP level 3. HP: 27/33 MP: 2/2
   821 | D:2      | Noticed Sigmund
   992 | D:3      | Noticed babuloseo's ghost (amateur DsMo)
  1023 | D:3      | Slain by babuloseo's ghost

Skill      XL: |  1  2 |
---------------+-------+-----
Unarmed Combat | 5 |  5.0
Fighting       | |  3.8
Dodging        | |  2.6
Stealth        | |  2.1

Action                   || total
-------------------------++-------
Melee: Unarmed           ||    53
  Use: Potion            ||     5
 Stab: Sleeping          ||     3
  Eat: Chunk             ||     2
Armor: Robe              ||     5
Dodge: Dodged            ||    28
